 Dungeon Crawl Stone Soup version 0.31-a0-1-g4198be8af4 (webtiles) character file.

Game seed: 14291229149112025192

676 jasper the Insei (level 7, -7/54 HPs)
             Began as a Demonspawn Transmuter on May 2, 2023.
             Was an Initiate of Cheibriados.
             Splashed by a jelly's acid (8 damage)
             ... on level 6 of the Dungeon.
             The game lasted 00:06:06 (4336 turns).

jasper the Insei (Demonspawn Transmuter)            Turns: 4336, Time: 00:06:07

Health: -7/54      AC: -14   Str: 11    XL:     7   Next: 33%
Magic:  10/10      EV: 11    Int: 20    God:    Cheibriados [......]
Gold:   253        SH:  0    Dex: 14    Spells: 8/10 levels left

rFire   + +          .
                       - Unarmed
rCold   . . .        (no shield)
rNeg    . . .        e - +1 ring mail
rPois   .            (no helmet)
rElec   .            (no cloak)
rCorr   .            (no gloves)
SInv    .            (no boots)
Will    .....        (no amulet)
Stlth   +            k - ring of protection from fire
HPRegen 0.29/turn    l - ring of protection from fire
MPRegen 0.24/turn

%: no passive effects
@: mighty, corroded, studying Polearms, very slow
A: claws 2, magic regeneration, big brain 1
a: Renounce Religion


You were on level 6 of the Dungeon.
You worshipped Cheibriados.
Cheibriados was noncommittal.
You visited 1 branch of the dungeon, and saw 6 of its levels.

You collected 253 gold pieces.

Inventory:

Missiles
 d - 4 poisoned darts
 j - 8 javelins
Armour
 a - a +0 robe
 c - a +0 leather armour
 e - a +1 ring mail (worn)
Jewellery
 k - a ring of protection from fire (left claw)
 l - a ring of protection from fire (right claw)
 o - an amulet of the acrobat
Wands
 x - a wand of mindburst (15)
 y - a wand of roots (9)
Scrolls
 m - a scroll of enchant armour
 v - a scroll of teleportation
Potions
 b - 2 potions of lignification
 g - a potion of resistance
 h - a potion of invisibility
 i - 2 potions of brilliance
 p - a potion of degeneration
 q - a potion of curing
 s - 2 potions of haste
 t - a potion of attraction
 u - a potion of flight


   Skills:
 + Level 4.0 Fighting
 + Level 4.0 Dodging
 * Level 5.8 Unarmed Combat
 - Level 2.0 Spellcasting
 - Level 1.7 Transmutations


You had 8 spell levels left.
You knew the following spells:

 Your Spells              Type           Power      Damage    Failure   Level
b - Wereblood             Tmut           9%         N/A       28%         2

Your spell library contained the following spells:

 Spells                   Type           Power      Damage    Failure   Level
 Beastly Appendage        Tmut           18%        N/A       19%         1
 Spider Form              Tmut/Pois      5%         N/A       63%         3
 Inner Flame              Hex/Fire       2%         N/A       75%         3
 Ice Form                 Ice/Tmut       5%         N/A       95%         4
 Yara's Violent Unravell  Hex/Tmut       2%         3d3       100%        5
 Enfeeble                 Hex            1%         N/A       100%        7


Dungeon Overview and Level Annotations

Branches:
Dungeon (6/15)             Temple (0/1) D:5

Altars:
Ashenzari
Cheibriados
Hepliaklqana
Makhleb
Nemelex Xobeh
Uskayaw

Shops:
D:3 :

Annotations:
D:4 Ijyb


Innate Abilities, Weirdness & Mutations

You have very sharp fingernails.
You regenerate magic rapidly.
You have an unusually large brain. (Int +2)


Message History

You take 5 damage, and have 49/54 hp.
You scratch the jelly. The acid corrodes you!
Your claws burn!
The jelly is heavily wounded.
The jelly hits you. The acid corrodes you!
You are splashed with acid!
You take 11 damage, and have 38/54 hp.
MASSIVE DAMAGE!!
You scratch the jelly.
Your claws burn!
The jelly is severely wounded.
The jelly barely misses you.
You take 2 damage, and have 36/54 hp.
You scratch the jelly.
Your claws burn!
The jelly is severely wounded.
The jelly hits you.
You are splashed with acid!
You take 17 damage, and have 19/54 hp.
MASSIVE DAMAGE!!
You scratch the jelly but do no damage.
Your claws burn!
* * * LOW HITPOINT WARNING * * *
The jelly is severely wounded.
The jelly hits you.
* * * LOW HITPOINT WARNING * * *
The acid corrodes you!
You are splashed with acid!
* * * LOW HITPOINT WARNING * * *
You take 14 damage, and have 5/54 hp.
MASSIVE DAMAGE!!
Okay, then.
Okay, then.
You feel better. The jelly hits you.
* * * LOW HITPOINT WARNING * * *
The acid corrodes you!
You are splashed with acid!
* * * LOW HITPOINT WARNING * * *
You feel very mighty all of a sudden. The jelly barely misses you.
You scratch the jelly.
Your claws burn!
* * * LOW HITPOINT WARNING * * *
The jelly is almost dead.
You take 1 damage, and have 6/54 hp.
You scratch the jelly but do no damage.
Your claws burn!
* * * LOW HITPOINT WARNING * * *
The jelly is almost dead.
The jelly hits you.
* * * LOW HITPOINT WARNING * * *
The acid corrodes you!
You are splashed with acid!
You die...

..... ... ... . ... ####
. ##.## #
##?.#######.##...##.###
#.........#.#.#J..#...#
#.........#...#@#.....#
####..##...# #.$.#.#...#
...##'##...#.##.).##...#
...#...#...#..##.##....#
...#...#..##...).......#
...#...#..##..##..##...#
...'...#......##..# .#
...#...#......#...+
...#..##..##..##..#


You could see a jelly.

Vanquished Creatures
  2 phantoms (D:5)
  2 centaurs (D:6)
  2 scorpions (D:5)
  2 hounds (D:5)
  Natasha (D:4)
  An iguana (D:5)
  5 adders
  2 ufetubi (D:5)
  3 worms
  A dart slug (D:2)
  4 orcs
  7 bats
  4 endoplasms
  2 goblins (D:2)
  6 hobgoblins
  7 quokkas
  9 ball pythons
  2 frilled lizards
  6 kobolds
  6 rats
74 creatures vanquished.

Notes
Turn   | Place    | Note
-------+----------+-------------------------------------------
     0 | D:1      | jasper the Demonspawn Transmuter began the quest for the
                  | Orb.
     0 | D:1      | Reached XP level 1. HP: 15/15 MP: 3/3
   200 | D:1      | Gained mutation: You have sharp fingernails. [demonic
                  | ancestry]
   200 | D:1      | Reached XP level 2. HP: 18/21 MP: 5/5
   354 | D:1      | Reached skill level 3 in Unarmed Combat
  1065 | D:2      | Gained mutation: You have an unusually large brain. (Int
                  | +2) [demonic ancestry]
  1065 | D:2      | Reached XP level 3. HP: 27/27 MP: 6/6
  1272 | D:2      | Learned a level 2 spell: Wereblood
  1417 | D:3      | Found Uqaasuf's Book Shop.
  1605 | D:3      | Found a burning altar of Makhleb.
  1606 | D:3      | Identified the +0 flail of Regusy {venom, Int+4 Dex-4}
  1616 | D:3      | Gained mutation: You have very sharp fingernails. [demonic
                  | ancestry]
  1616 | D:3      | Reached XP level 4. HP: 33/33 MP: 7/7
  2595 | D:4      | Noticed Natasha
  2606 | D:4      | Killed Natasha
  2607 | D:4      | Reached skill level 4 in Unarmed Combat
  2740 | D:4      | Noticed Ijyb
  2795 | D:5      | Entered Level 5 of the Dungeon
  2905 | D:5      | Noticed a scorpion
  2915 | D:5      | Killed a scorpion
  2916 | D:5      | Reached XP level 5. HP: 34/40 MP: 8/8
  2948 | D:5      | Noticed a phantom
  2960 | D:5      | Killed a phantom
  2961 | D:5      | Reached XP level 6. HP: 46/47 MP: 9/9
  3176 | D:5      | Found a broken altar of Ashenzari.
  3178 | D:5      | Found a sparkling altar of Nemelex Xobeh.
  3178 | D:5      | Found a snail-covered altar of Cheibriados.
  3198 | D:5      | Found a hazy altar of Hepliaklqana.
  3212 | D:5      | Became a worshipper of Cheibriados the Contemplative
  3448 | D:5      | Found a hide-covered altar of Uskayaw.
  3485 | D:5      | Found a staircase to the Ecumenical Temple.
  3608 | D:5      | Reached skill level 5 in Unarmed Combat
  3983 | D:5      | Gained mutation: You regenerate magic rapidly. [demonic
                  | ancestry]
  3983 | D:5      | Reached XP level 7. HP: 53/53 MP: 10/10
  4243 | D:6      | HP: 2/53 [centaur (5)]
  4336 | D:6      | HP: 2/54 [acid (4)]
  4336 | D:6      | Splashed by a jelly's acid

Illustrated notes

Levels and vault maps discovered:
D:1:      dpeg_arrival_windows_large_door, layout_rooms
D:2:      layout_loops_corners, minmay_misc_feat_five, minmay_pentomino_q4
D:3:      layout_basic, mainiacjoe_overflow_tiny_flanked, serial_shops,
          shop_coins, kennysheep_generic_room_14
D:4:      layout_loops_corners, led_sif_pool, st_stairs_5, uniq_ijyb,
          uniq_natasha, uniq_eustachio
D:5:      layout_basic, general_overflow_altar, minmay_overflow_temple_star_hex,
          gammafunk_temple_overflow_wave, minmay_temple_entry_statues_pillars
D:6:      layout_gridville, minmay_manual_mares

Skill      XL: |  1  2  3  4  5  6  7 |
---------------+----------------------+-----
Dodging        | 2 3 4 |  4.0
Unarmed Combat | 3 4 5 |  5.8
Fighting       | 2 3 4 |  4.0
Spellcasting   | |  2.0
Transmutations | |  1.7

Action                     |  1- 3 |  4- 6 |  7- 9 || total
---------------------------+-------+-------+-------++-------
  Melee: Unarmed           |   150 |   137 |    22 ||   309
         Punch             |     4 |     2 |     4 ||    10
         Kick              |     2 |       |       ||     2
         Headbutt          |     2 |       |       ||     2
   Cast: Beastly Appendage |     3 |       |       ||     3
    Use: Scroll            |     8 |     8 |     3 ||    19
         Potion            |       |       |     6 ||     6
 Armour: Ring mail         |    48 |    48 |    34 ||   130
         Robe              |     3 |       |       ||     3
  Dodge: Dodged            |    94 |    69 |    32 ||   195

Table legend: (Time is in decaauts)
 A = Elapsed time spent in this place.
 B = Non-inter-level travel time spent in this place.
 C = Inter-level travel time spent in this place.
 D = Time resting spent in this place.
 E = Time spent auto-exploring this place.
 F = Levels seen in this place.
 G = Mean time per level.
                   A        B        C        D        E       F      G
               +--------+--------+--------+--------+--------+-----+--------+
         Total |   4529 |   4406 |    123 |    238 |   3401 |   6 |  754.8 |
       Dungeon |   4529 |   4406 |    123 |    238 |   3401 |   6 |  754.8 |
               +--------+--------+--------+--------+--------+-----+--------+

Top non-repeatable levels by time:
     D:5: 1557 daAuts
     D:3: 1034 daAuts
     D:2: 921 daAuts
     D:1: 486 daAuts
     D:4: 338 daAuts
     D:6: 191 daAuts
